 Dungeon Crawl Stone Soup version 0.24.0-125-gc4c63601f3 (webtiles) character file.

Game seed: 8157970273383487448, levelgen mode: deterministic

4965 Johnny the Grappler (level 10, -7/100 HPs)
             Began as a Troll Berserker on Mar 8, 2020.
             Was an Elder of Trog.
             Mangled by a death knight
             ... wielding a +1 great sword
              (33 damage)
             ... on level 9 of the Dungeon.
             The game lasted 00:07:17 (6376 turns).

Johnny the Grappler (Troll Berserker)               Turns: 6376, Time: 00:07:17

Health: -7/100     AC:  6    Str: 30    XL:     10   Next: 28%
Magic:  9/9        EV: 12    Int:  3    God:    Trog [****..]
Gold:   730        SH:  0    Dex:  9    Spells: 9/9 levels left

rFire    . . .     SeeInvis .     - Unarmed
rCold    . . .     Gourm    +   (no shield)
rNeg     + . .     Faith    .   a - +0 animal skin
rPois    .         Spirit   .   (helmet restricted)
rElec    .         Reflect  .   (no cloak)
rCorr    .         Harm     +   (gloves unavailable)
MR       .....     Rnd*Tele +   (boots unavailable)
Stlth    +.........             C - amulet of harm
HPRegen  0.66/turn              y - ring of teleportation (curse)
MPRegen  0.11/turn              K - ring of positive energy

@: berserk cooldown, slowed, very slow
A: large, unfitting armour, claws 3, fast metabolism 3, gourmand, regeneration
1, shaggy fur 1, tough skin 3
a: Berserk, Trog's Hand, Brothers in Arms, Renounce Religion


You were on level 9 of the Dungeon.
You worshipped Trog.
Trog was greatly pleased with you.
You were not hungry.

You visited 1 branch of the dungeon, and saw 9 of its levels.
You also visited: Ossuary.

You collected 730 gold pieces.

Inventory:

Armour
 a - a +0 animal skin (worn)
Jewellery
 d - the ring "Mioliesh" {Ice Stlth+}
   (You found it on level 9 of the Dungeon)

   [ring of ice]

   It enhances your ice magic.
   It makes you vulnerable to fire.
   It protects you from cold.
   It makes you more stealthy.
 j - an uncursed ring of ice
 y - a cursed ring of teleportation (left claw)
 C - an amulet of harm (around neck)
 H - a +3 ring of intelligence
 K - a ring of positive energy (right claw)
Wands
 u - a wand of digging (6)
 A - a wand of clouds (8)
 E - a wand of flame (33)
 G - a wand of random effects (13)
Scrolls
 g - 3 scrolls of teleportation
 i - 3 scrolls of fear {unknown}
 k - 5 scrolls of remove curse {unknown}
 m - 4 scrolls of random uselessness {unknown}
 n - a scroll of immolation {unknown}
 o - 2 scrolls of fog {unknown}
 t - 3 scrolls of amnesia {unknown}
 v - a scroll of magic mapping {unknown}
 w - 2 scrolls of enchant weapon {unknown}
 x - 3 scrolls of blinking {unknown}
 B - a scroll of enchant armour {unknown}
 D - a scroll of noise {unknown}
 J - 3 scrolls of identify
Potions
 c - 6 potions of curing
 e - 3 potions of heal wounds
 f - a potion of brilliance
 h - 2 potions of degeneration
 l - a potion of berserk rage
 p - 3 potions of might
 q - 2 potions of invisibility
 r - a potion of agility
 s - 7 potions of haste
 z - a potion of lignification {unknown}
 F - a potion of mutation {unknown}
Comestibles
 b - 12 rations


   Skills:
 + Level 6.8 Fighting
 + Level 6.3 Armour
 + Level 6.8 Dodging
 + Level 8.2 Unarmed Combat


You had 9 spell levels left.
You didn't know any spells.
Your spell library contained the following spells:

 Spells                   Type           Power        Failure   Level  Hunger
 Gell's Gravitas          Tloc           #.........   88%         3    ####...
 Portal Projectile        Hex/Tloc       #.....       88%         3    ####...
 Force Lance              Conj/Tloc      #.......     99%         4    #####..
 Dispersal                Tloc           #.........   100%        6    #######
 Controlled Blink         Tloc           N/A          100%        8    #######
 Disjunction              Tloc           #.........   100%        8    #######


Dungeon Overview and Level Annotations

Branches:
Dungeon (9/15)             Temple (0/1) D:5         Ossuary (visited)
   Lair: D:8-11         Orc: D:9-12

Altars:
Ashenzari
Dithmenos
Fedhas
Hepliaklqana
Makhleb
Nemelex Xobeh
Qazlal
Ru
Sif Muna
Trog
Uskayaw
Vehumet
Yredelemnul
Zin
The Shining One

Shops:
D:9 (


Innate Abilities, Weirdness & Mutations

You are too large for most types of armour.
You have claws for hands.
Your metabolism is lightning-fast.
You like to eat raw meat.
Your natural rate of healing is unusually fast.
You are covered in fur. (AC +1)
You have extremely tough skin. (AC +3)


Message History

The quasit claws your ogre but does no damage.
The quasit claws your ogre.
Your ogre barely misses the quasit.
Unknown command.
You barely miss the death knight.
The death knight is almost dead.
The quasit bites your ogre. The quasit claws your ogre. x2
Your ogre barely misses the quasit.
The death knight offers itself to Yredelemnul, and fills with unholy energy.
Unknown command.
Unknown command.
You closely miss the death knight. You claw the death knight!
The death knight is almost dead.
The death knight reflects your damage back at you!
* * * LOW HITPOINT WARNING * * *
The quasit bites your ogre. The quasit claws your ogre. x2
Your ogre hits the quasit with a +0 giant club!!
The quasit dies!
Trog accepts your kill.
The death knight hits you with a +1 great sword!!
You die...

......#######.......#
.###..#..#..#..###..#
..#......#.)....# .(..
..#..#..###.†#.!# .p###
######.......#######.....
#..#.......#..#..#.... .
#.....###...○.#.....##
.###.....#.....###.....#
......#.)#..#...@p..#
......#######..)O=..####
......#..# #......)#..#
.###.....#.....###.....# .
#..÷..###.....#.....##
#..#.......#..#..#.....
######.......#######.......
..#..#..###..# #..###..#
..#......# ... .... ..


You could see a death knight and a friendly ogre (berserk).

Vanquished Creatures
  A troll (D:9)
  Sigmund (D:2)
  2 wyverns
  2 hungry ghosts (D:9)
  Menkaure (D:6)
  An ice beast (D:9)
  3 orc warriors
  A black bear (D:8)
  An eye of draining (D:9)
  A necrophage (D:5)
  3 ogres
  2 phantoms
  A centaur (D:7)
  A crocodile (D:9)
  Blork the orc (D:5)
  3 bullfrogs
  3 elf skeletons (D:6)
  6 scorpions
  3 killer bees
  3 howler monkeys
  3 crimson imps
  An orc priest (D:8)
  3 hounds
  A centaur skeleton (D:6)
  3 jellies
  A bullfrog skeleton (D:5)
  5 orc wizards
  Natasha (thrice) (D:3)
  4 human skeletons (D:6)
  An iguana (D:9)
  6 worker ants
  A hound zombie (D:5)
  8 mummies (Ossuary)
  2 hound skeletons
  A worker ant zombie (D:6)
  4 gnolls (D:5)
  7 adders
  A shadow imp (D:9)
  8 oozes (D:3)
  2 worms
  A dart slug (D:2)
  4 leopard geckos
  19 orcs
  A ball python (D:4)
  A giant cockroach (D:5)
  5 goblins
  9 hobgoblins
  4 jackals (D:1)
  17 kobolds
  A quokka (D:2)
  9 bats
  5 frilled lizards
  A hobgoblin zombie (Ossuary)
  A jackal skeleton (D:5)
  A kobold zombie (Ossuary)
  3 orc skeletons (D:6)
  7 orc zombies
  A quokka skeleton (D:7)
  6 rats
201 creatures vanquished.

Vanquished Creatures (collateral kills)
  A tengu conjurer (D:9)
  A troll (D:9)
  An ice beast (D:8)
  4 killer bees (D:8)
  A quasit (D:9)
  A worker ant zombie (D:8)
  A gnoll (D:9)
  A leopard gecko (D:9)
11 creatures vanquished.

Vanquished Creatures (others)
  5 fungi (D:7)
  8 toadstools (D:3)
13 creatures vanquished.

Grand Total: 225 creatures vanquished

Notes
Turn   | Place    | Note
-------+----------+-------------------------------------------
     0 | D:1      | Johnny the Troll Berserker began the quest for the Orb.
     0 | D:1      | Reached XP level 1. HP: 22/22 MP: 0/0
   430 | D:1      | Reached XP level 2. HP: 29/29 MP: 1/1
   712 | D:2      | Noticed Sigmund
   750 | D:2      | Killed Sigmund
   750 | D:2      | Reached skill level 1 in Armour
   750 | D:2      | Reached skill level 4 in Unarmed Combat
   750 | D:2      | Reached XP level 3. HP: 14/37 MP: 2/2
   750 | D:2      | Reached XP level 4. HP: 17/45 MP: 3/3
   750 | D:2      | Reached XP level 5. HP: 20/53 MP: 4/4
   868 | D:2      | Reached ** piety under Trog
  1302 | D:3      | Found a basalt altar of Yredelemnul.
  1490 | D:3      | Noticed Natasha
  1495 | D:3      | Killed Natasha
  1702 | D:3      | Noticed Natasha
  1710 | D:3      | Killed Natasha
  1710 | D:3      | Reached XP level 6. HP: 37/61 MP: 5/5
  1795 | D:3      | Noticed Natasha
  1804 | D:3      | Killed Natasha
  2212 | D:4      | Found a radiant altar of Vehumet.
  2215 | D:4      | Reached *** piety under Trog
  2257 | D:4      | Found a shimmering blue altar of Sif Muna.
  2366 | D:4      | Found a glowing silver altar of Zin.
  2501 | D:4      | Reached XP level 7. HP: 59/68 MP: 6/6
  2926 | D:5      | Entered Level 5 of the Dungeon
  3138 | D:5      | Found a bloodstained altar of Trog.
  3141 | D:5      | Found a stormy altar of Qazlal.
  3144 | D:5      | Found a sparkling altar of Nemelex Xobeh.
  3160 | D:5      | Found a staircase to the Ecumenical Temple.
  3169 | D:5      | Reached skill level 5 in Unarmed Combat
  3215 | D:5      | Noticed Blork the orc
  3221 | D:5      | Killed Blork the orc
  3244 | D:5      | Reached XP level 8. HP: 55/79 MP: 7/7
  3481 | D:5      | Found a shattered altar of Ashenzari.
  3719 | D:6      | Noticed Menkaure
  3724 | D:6      | Killed Menkaure
  3766 | D:6      | Reached skill level 6 in Unarmed Combat
  3788 | D:6      | Reached skill level 5 in Fighting
  3791 | D:6      | Reached skill level 5 in Dodging
  3799 | D:6      | Reached **** piety under Trog
  3805 | D:6      | Found a sand-covered staircase.
  3815 | Ossuary  | Entered an ossuary
  5098 | D:7      | Reached XP level 9. HP: 31/88 MP: 8/8
  5279 | D:7      | Reached skill level 5 in Armour
  5429 | D:7      | Reached skill level 7 in Unarmed Combat
  5642 | D:8      | Found a hazy altar of Hepliaklqana.
  5646 | D:8      | Found a sacrificial altar of Ru.
  5646 | D:8      | Found a shadowy altar of Dithmenos.
  5659 | D:8      | Found a hide-covered altar of Uskayaw.
  5676 | D:8      | Found a blossoming altar of Fedhas.
  5970 | D:8      | Found a burning altar of Makhleb.
  6099 | D:9      | Found Sonaeddori's Antique Weapon Emporium.
  6130 | D:9      | Got a transparent bronze ring
  6140 | D:9      | Noticed a troll
  6142 | D:9      | Identified the ring "Mioliesh" {Ice Stlth+} (You found it
                  | on level 9 of the Dungeon)
  6147 | D:9      | Killed a troll
  6147 | D:9      | Reached XP level 10. HP: 100/100 MP: 7/9
  6229 | D:9      | Reached skill level 8 in Unarmed Combat
  6299 | D:9      | Found a glowing golden altar of the Shining One.
  6357 | D:9      | Noticed a death knight
  6376 | D:9      | Mangled by a death knight

Levels and vault maps discovered:
D:1:      minmay_arrival_cross, layout_basic
D:2:      layout_rooms, first_ration, kennysheep_generic_room_10, uniq_sigmund
D:3:      cheibrodos_fertilizer, layout_basic, old_standard_altar, uniq_natasha
D:4:      layout_basic, nicolae_overflow_crystal_walls, vehumet_altar_wand_db,
          lemuel_crystal_altar, dk_noncrumbling_4, serial_bayou_pond_d
D:5:      layout_loops_ring, grunt_temple_overflow_diamond,
          minmay_temple_entry_sparse_star, basic_altar, uniq_blork_the_orc
D:6:      layout_layer_cave, serial_rivers, chequers_serial_rivers_small_b,
          chequers_serial_rivers_micro_d, chequers_serial_rivers_micro_e,
          chequers_serial_rivers_large_a, chequers_serial_rivers_micro_b,
          chequers_serial_rivers_micro_e, nicolae_ossuary_entry_catacombs,
          uniq_menkaure
D:7:      old_forge, layout_basic
D:8:      layout_gridville, grunt_temple_overflow_open, lemuel_round_altar,
          lemuel_crystal_altar, fedhas_ov_isle_minmay
D:9:      hangedman_cross_cluster, layout_rooms, serial_shops,
          nicolae_shop_statue_plus

Skill      XL: |  1  2  3  4  5  6  7  8  9 10 |
---------------+-------------------------------+-----
Fighting       | 3 4 5 6 |  6.8
Armour         | 1 2 3 4 5 6 |  6.3
Dodging        | 3 4 5 6 |  6.8
Unarmed Combat | 4 5 6 7 8 |  8.2

Action                   |  1- 3 |  4- 6 |  7- 9 | 10-12 || total
-------------------------+-------+-------+-------+-------++-------
Melee: Unarmed           |    43 |   183 |   335 |    43 ||   604
       Punch             |     1 |     4 |    10 |     3 ||    18
Invok: Berserk           |     1 |     1 |     7 |     2 ||    11
       Trog's Hand       |       |     1 |     3 |       ||     4
       Brothers in Arms  |       |       |     3 |     1 ||     4
Evoke: Wand              |       |       |    14 |       ||    14
  Use: Potion            |     1 |       |       |       ||     1
       Scroll            |       |       |     6 |     1 ||     7
  Eat: Chunk             |    12 |    12 |    42 |    10 ||    76
       Ration            |       |       |     2 |       ||     2
Armor: Animal skin       |    27 |    77 |   100 |     8 ||   212
Dodge: Dodged            |    35 |    97 |   194 |    19 ||   345
